 Dungeon Crawl Stone Soup version 0.23.2-33-g5129a83184 (webtiles) character file.

Game seed: 13289741754651181718

112 Pneumon the Cudgeler (level 4, 0/39 HPs)
             Began as a Minotaur Berserker on July 16, 2019.
             Was a Believer of Trog.
             Succumbed to an adder's poison
             ... on level 3 of the Dungeon.
             The game lasted 00:07:25 (1936 turns).

Pneumon the Cudgeler (Minotaur Berserker)           Turns: 1936, Time: 00:07:26

Health: 0/39       AC:  8    Str: 22    XL:     4   Next: 64%
Magic:  3/3        EV: 11    Int:  4    God:    Trog [**....]
Gold:   95         SH:  0    Dex: 10    Spells: 3/3 levels left

rFire    . . .     SeeInvis .   j - +2 quarterstaff (chaos)
rCold    . . .     Gourm    .   (shield currently unavailable)
rNeg     . . .     Faith    .   d - +0 ring mail
rPois    .         Spirit   .   (helmet restricted)
rElec    .         Reflect  .   k - +1 cloak {MR+}
rCorr    .         Harm     .   (no gloves)
MR       ++...                  i - +0 pair of boots
Stlth    ..........             (no amulet)
HPRegen  0.13/turn              b - ring of protection from magic
MPRegen  0.08/turn              (no ring)

@: lethally poisoned (0 -> -3), very slightly contaminated
A: retaliatory headbutt, horns 2
a: Berserk, Trog's Hand, Renounce Religion


You were on level 3 of the Dungeon.
You worshipped Trog.
Trog was pleased with you.
You were not hungry.

You visited 1 branch of the dungeon, and saw 3 of its levels.

You collected 95 gold pieces.

Inventory:

Hand Weapons
 a - a +0 mace
 j - a +2 quarterstaff of chaos (weapon)
Armour
 d - a +0 ring mail (worn)
 i - a +0 pair of boots (worn)
 k - a +1 cloak of magic resistance (worn)
Jewellery
 b - a ring of protection from magic (left hand)
Scrolls
 e - a scroll of fog
 f - a scroll of remove curse
 m - a scroll of teleportation
Comestibles
 c - 8 rations


   Skills:
 - Level 3.6 Fighting
 - Level 5.9(6.2) Maces & Flails
 + Level 2.5(4.5) Staves
 - Level 2.4 Armour
 - Level 2.1 Dodging


You had 3 spell levels left.
You didn't know any spells.
Your spell library was empty.

Dungeon Overview and Level Annotations

Branches:
Dungeon (3/15)

Altars:
Elyvilon
Kikubaaqudgha


Innate Abilities, Weirdness & Mutations

You reflexively headbutt those who attack you in melee.
You have a pair of horns on your head.


Message History

The adder bites you but does no damage. The kobold hits you but does no damage.
The rat barely misses you. The adder bites you.
* * * LOW HITPOINT WARNING * * *
The kobold hits you but does no damage. The adder bites you but does no damage.
The rat barely misses you.
You feel less wooden.
Your +1 cloak of magic resistance unmelds from your body.
Your +0 pair of boots unmelds from your body.
Your +0 ring mail unmelds from your body.
You feel resistant to hostile enchantments.
The kobold closely misses you. The adder bites you but does no damage.
The rat closely misses you. You furiously retaliate!
You headbutt the rat. The kobold hits you but does no damage.
The rat bites you.
* * * LOW HITPOINT WARNING * * *
The adder bites you.
* * * LOW HITPOINT WARNING * * *
You are lethally poisoned!
The adder poisons you!
An adder and a rat come into view.
You die...

#..........#...
#..........#.#.
#..........#.#.
#...S......#.#. # ###
#####......#.#. rS≈≈≈
#..†.S.(..((...
≈≈#≈#≈####.###########..
.≈.≈≈≈≈≈rK.# #..
.....≈.@.S.# ##.
...........# #.
........(..# #.
############ #. #. #. #.
##


You could see 2 adders, a kobold and 2 rats.

Vanquished Creatures
  Crazy Yiuf (D:2)
  2 adders (D:2)
  5 worms
  2 leopard geckos
  An orc (D:2)
  7 bats
  4 giant cockroaches
  5 goblins
  2 hobgoblins
  5 jackals
  4 frilled lizards
  6 kobolds
  7 rats
51 creatures vanquished.

Vanquished Creatures (others)
  A human (D:2)
1 creature vanquished.

Grand Total: 52 creatures vanquished

Notes
Turn   | Place    | Note
-------+----------+-------------------------------------------
     0 | D:1      | Pneumon the Minotaur Berserker began the quest for the Orb.
     0 | D:1      | Reached XP level 1. HP: 19/19 MP: 0/0
   320 | D:1      | Reached skill level 4 in Maces & Flails
   376 | D:1      | Reached XP level 2. HP: 26/26 MP: 1/1
   828 | D:2      | Reached skill level 5 in Maces & Flails
   867 | D:2      | Reached XP level 3. HP: 19/31 MP: 2/2
  1004 | D:2      | Reached ** piety under Trog
  1039 | D:2      | Found a runed translucent door.
  1041 | D:2      | Noticed Crazy Yiuf
  1048 | D:2      | Killed Crazy Yiuf
  1163 | D:2      | Reached XP level 4. HP: 39/39 MP: 3/3
  1222 | D:2      | Reached skill level 1 in Staves
  1342 | D:2      | Found a white marble altar of Elyvilon.
  1476 | D:2      | Found an ancient bone altar of Kikubaaqudgha.
  1476 | D:2      | Noticed a human
  1481 | D:2      | Killed a human
  1935 | D:3      | HP: 1/39 [adder (1)]
  1936 | D:3      | Succumbed to an adder's poison

Skill      XL: |  1  2  3  4 |
---------------+-------------+-----
Maces & Flails | 4 5 |  5.9
Staves         | 2 |  2.5
Fighting       | |  3.6
Armour         | |  2.4
Dodging        | |  2.1

Action                   |  1- 3 |  4- 6 || total
-------------------------+-------+-------++-------
Melee: Mace              |    62 |       ||    62
       Headbutt          |     7 |     8 ||    15
       Quarterstaff      |    10 |    48 ||    58
Invok: Berserk           |     1 |       ||     1
  Use: Scroll            |       |     6 ||     6
       Potion            |       |     3 ||     3
  Eat: Chunk             |     1 |     3 ||     4
Armor: Animal skin       |     1 |       ||     1
       Ring mail         |    26 |    32 ||    58
       Skin              |       |    89 ||    89
Dodge: Dodged            |    46 |    71 ||   117
